| TOP OF THE 1ST |
|
Toronto Blue Jays batting - Pitching for Kansas City Royals : RHP Bob Welch
|
|
Pitching: RHP Bob Welch
|
|
|
Batting: SHB Harold Reynolds
|
0-0: Ball 1-0: Ball 2-0: Ball 3-0: Base on Balls
|
|
Batting: RHB Jose Gonzalez
|
0-0: Fielders Choice at 2nd, 4-6 (Groundball, 4, EV 91.3 MPH)
|
|
Batting: LHB Sheldon Mallory
|
0-0: Ball 1-0: Called Strike 1-1: Swinging Strike 1-2: SINGLE (Groundball, 34D, EV 110.0 MPH) Jose Gonzalez to second Runner from 2nd tries for 3rd, SAFE, throw by RF made to third
|
|
Batting: RHB Hubie Brooks
|
0-0: Ball 1-0: Fly out, F8 (Flyball, 8LXD, EV 103.8 MPH) Runner from 3rd tags up, SCORES, no throw by CF
|
|
Batting: RHB Andres Galarraga
|
0-0: Ball 1-0: Fly out, F8 (Flyball, 78M, EV 86.3 MPH)
|
| Top of the 1st over - 1 run, 1 hit, 0 errors, 1 left on base; Toronto 1 - Kansas City 0 |
| BOTTOM OF THE 1ST |
|
Kansas City Royals batting - Pitching for Toronto Blue Jays : RHP Storm Davis
|
|
Pitching: RHP Storm Davis
|
|
|
Batting: RHB Rickey Henderson
|
0-0: SINGLE (Groundball, 6MS, EV 66.3 MPH) (infield hit)
|
|
Batting: LHB Gene Richards
|
0-0: Ball 1-0: Ball 2-0: Called Strike 2-1: Called Strike 2-2: Strikes out swinging
|
|
Batting: RHB Bob Horner
|
0-0: Ball Rickey Henderson steals 2nd, throwing error, E2 Rickey Henderson to third 1-0: Called Strike 1-1: Called Strike 1-2: Ball 2-2: Strikes out swinging
|
|
Batting: RHB Gary Carter
|
0-0: Ball 1-0: Ball 2-0: Ball 3-0: Called Strike 3-1: Foul Ball, location: 2F 3-2: Foul Ball, location: 2F 3-2: Base on Balls
|
|
Batting: RHB Lloyd McClendon
|
0-0: Called Strike 0-1: Swinging Strike 0-2: Ball 1-2: Foul Ball, location: 2F 1-2: Foul Ball, location: 2F 1-2: Ball 2-2: Ball Wild Pitch! Rickey Henderson scores Gary Carter to second 3-2: SINGLE (Groundball, 56D, EV 100.6 MPH) Gary Carter to third Gary Carter scores
|
|
Batting: RHB Jeffrey Leonard
|
0-0: Swinging Strike 0-1: Ball 1-1: Ball 2-1: SINGLE (Flyball, 8LS, EV 89.4 MPH) Lloyd McClendon to second Runner from 2nd tries for 3rd, SAFE, throw by CF made to third
|
|
Batting: LHB Rick Manning
|
0-0: Ball 1-0: Ground out 4-3 (Groundball, 4D, EV 106.9 MPH)
|
| Bottom of the 1st over - 2 runs, 3 hits, 1 error, 2 left on base; Toronto 1 - Kansas City 2 |
| TOP OF THE 2ND |
|
Toronto Blue Jays batting - Pitching for Kansas City Royals : RHP Bob Welch
|
|
Batting: RHB Cal Ripken
|
0-0: Ball 1-0: Called Strike 1-1: SINGLE (Line Drive, 7S, EV 85.6 MPH)
|
|
Batting: LHB Milt Thompson
|
0-0: Called Strike 0-1: Called Strike 0-2: Foul Ball, location: 2F 0-2: Fielders Choice at 2nd, 4-6 (Groundball, 34, EV 86.3 MPH)
|
|
Batting: RHB Juan Monasterio
|
0-0: Fielders Choice at 2nd, 6-4 (Groundball, 6MD, EV 86.3 MPH)
|
|
Batting: RHB Fritzie Connally
|
0-0: Called Strike 0-1: Ground out 4-3 (Groundball, 4, EV 103.1 MPH)
|
| Top of the 2nd over - 0 runs, 1 hit, 0 errors, 1 left on base; Toronto 1 - Kansas City 2 |
| BOTTOM OF THE 2ND |
|
Kansas City Royals batting - Pitching for Toronto Blue Jays : RHP Storm Davis
|
|
Batting: LHB Alvin Davis
|
0-0: Ball 1-0: Called Strike 1-1: Foul Ball, location: 2F 1-2: Ball 2-2: Ball 3-2: Base on Balls
|
|
Batting: RHB Alberto Gonzalez
|
0-0: Called Strike 0-1: Ball 1-1: Foul Ball, location: 2F 1-2: DOUBLE (Line Drive, 8RXD, EV 97.5 MPH) Alvin Davis to third Runner from 3rd tries for Home, SAFE, no throw by CF
|
|
Batting: RHB Rickey Henderson
|
0-0: Fly out, F7 (Flyball, 7D, EV 103.1 MPH) Runner from 2nd tags up, SAFE at 3rd, no throw by LF
|
|
Batting: LHB Gene Richards
|
0-0: Ball 1-0: Called Strike 1-1: Foul Ball, location: 2F 1-2: DOUBLE (Line Drive, 7LS, EV 91.3 MPH) Alberto Gonzalez scores
|
|
Batting: RHB Bob Horner
|
0-0: Ball 1-0: Called Strike 1-1: Ball 2-1: Foul Ball, location: 2F 2-2: Ground out 6-3 (Groundball, 6, EV 87.5 MPH) Gene Richards to third
|
|
Batting: RHB Gary Carter
|
0-0: Swinging Strike 0-1: Ball 1-1: SINGLE (Groundball, 56D, EV 104.4 MPH) Gene Richards scores
|
|
Batting: RHB Lloyd McClendon
|
0-0: Ball 1-0: Called Strike 1-1: Ball 2-1: Swinging Strike 2-2: Fly out, F4 (Popup, 34, EV 77.5 MPH)
|
| Bottom of the 2nd over - 3 runs, 3 hits, 0 errors, 1 left on base; Toronto 1 - Kansas City 5 |
| TOP OF THE 3RD |
|
Toronto Blue Jays batting - Pitching for Kansas City Royals : RHP Bob Welch
|
|
Batting: SHB Harold Reynolds
|
0-0: Foul Ball, location: 2F 0-1: Foul Ball, location: 2F 0-2: Fly out, F4 (Line Drive, 4, EV 70.6 MPH)
|
|
Batting: RHB Jose Gonzalez
|
0-0: Ground out 3-1 (Groundball, 34, EV 86.3 MPH)
|
|
Batting: LHB Sheldon Mallory
|
0-0: Ball 1-0: Called Strike 1-1: SOLO HOME RUN (Flyball, 9D, EV 108.1 MPH), Distance : 382 ft
|
|
Batting: RHB Hubie Brooks
|
0-0: Swinging Strike 0-1: Called Strike 0-2: Strikes out looking
|
| Top of the 3rd over - 1 run, 1 hit, 0 errors, 0 left on base; Toronto 2 - Kansas City 5 |
| BOTTOM OF THE 3RD |
|
Kansas City Royals batting - Pitching for Toronto Blue Jays : RHP Storm Davis
|
|
Batting: RHB Jeffrey Leonard
|
0-0: Fly out, F4 (Popup, 4, EV 65.6 MPH)
|
|
Batting: LHB Rick Manning
|
0-0: Ground out 1-3 (Groundball, 15S, EV 75.6 MPH)
|
|
Batting: LHB Alvin Davis
|
0-0: Foul Ball, location: 2F 0-1: Called Strike 0-2: Foul Ball, location: 2F 0-2: Ground out 4-3 (Groundball, 4, EV 90.0 MPH)
|
| Bottom of the 3rd over - 0 runs, 0 hits, 0 errors, 0 left on base; Toronto 2 - Kansas City 5 |
| TOP OF THE 4TH |
|
Toronto Blue Jays batting - Pitching for Kansas City Royals : RHP Bob Welch
|
|
Batting: RHB Andres Galarraga
|
0-0: Reached on error, E5 (Groundball, 56, EV 100.6 MPH)
|
|
Batting: RHB Cal Ripken
|
0-0: Swinging Strike 0-1: Ball 1-1: Called Strike 1-2: Ball 2-2: SINGLE (Flyball, 3D, EV 90.6 MPH) Andres Galarraga to second
|
|
Batting: LHB Milt Thompson
|
0-0: Called Strike 0-1: Called Strike 0-2: Ball 1-2: Fielders Choice at 2nd, 3-6 (Groundball, 34, EV 101.3 MPH) Andres Galarraga to third
|
|
Batting: RHB Juan Monasterio
|
0-0: Reached on error, E4 (Groundball, 34, EV 81.3 MPH) Andres Galarraga scores Milt Thompson to second
|
|
Batting: RHB Fritzie Connally
|
0-0: Foul Ball, location: 2F 0-1: Ball 1-1: Ball 2-1: Fly out, F7 (Flyball, 7, EV 83.8 MPH)
|
|
Batting: SHB Harold Reynolds
|
0-0: Ball 1-0: Ball 2-0: Called Strike 2-1: Ball 3-1: SINGLE (Line Drive, 6D, EV 100.0 MPH) Milt Thompson to third Juan Monasterio to second Runner from 3rd tries for Home, SAFE, throw by LF to home
|
|
Batting: RHB Jose Gonzalez
|
0-0: Ground out 3-1 (Groundball, 34, EV 81.3 MPH)
|
| Top of the 4th over - 2 runs, 2 hits, 2 errors, 2 left on base; Toronto 4 - Kansas City 5 |
| BOTTOM OF THE 4TH |
|
Kansas City Royals batting - Pitching for Toronto Blue Jays : RHP Storm Davis
|
|
Batting: RHB Alberto Gonzalez
|
0-0: Swinging Strike 0-1: Swinging Strike 0-2: Ball 1-2: Ball 2-2: Strikes out swinging
|
|
Batting: RHB Rickey Henderson
|
0-0: Ball 1-0: Foul Ball, location: 2F 1-1: Fly out, F4 (Popup, 34, EV 62.5 MPH)
|
|
Batting: LHB Gene Richards
|
0-0: Swinging Strike 0-1: Fly out, F9 (Line Drive, 9, EV 91.3 MPH)
|
| Bottom of the 4th over - 0 runs, 0 hits, 0 errors, 0 left on base; Toronto 4 - Kansas City 5 |
| TOP OF THE 5TH |
|
Toronto Blue Jays batting - Pitching for Kansas City Royals : RHP Bob Welch
|
|
Batting: LHB Sheldon Mallory
|
0-0: Swinging Strike 0-1: Ball 1-1: Ball 2-1: Ball 3-1: Base on Balls
|
|
Batting: RHB Hubie Brooks
|
0-0: Fly out, F7 (Flyball, 7LM, EV 89.4 MPH)
|
|
Batting: RHB Andres Galarraga
|
0-0: Ball 1-0: Ball 2-0: Foul Ball, location: 2F 2-1: SINGLE (Line Drive, 9S, EV 88.1 MPH) Sheldon Mallory to second Runner from 2nd tries for 3rd, SAFE, throw by RF made to third
|
|
Batting: RHB Cal Ripken
|
0-0: Foul Ball, location: 2F 0-1: Ball 1-1: Ball 2-1: Foul Ball, location: 2F 2-2: SINGLE (Line Drive, 89S, EV 95.0 MPH) Sheldon Mallory scores Andres Galarraga to second Runner from 2nd tries for 3rd, SAFE, no throw by RF
|
|
Pitching: LHP Frank Viola
|
|
|
Batting: LHB Milt Thompson
|
0-0: Swinging Strike 0-1: Ball 1-1: Called Strike 1-2: Strikes out looking
|
|
Batting: RHB Juan Monasterio
|
0-0: Ball 1-0: Swinging Strike 1-1: Ball 2-1: Called Strike 2-2: Foul Ball, location: 2F 2-2: Ball 3-2: Base on Balls Cal Ripken to second
|
|
Batting: RHB Fritzie Connally
|
0-0: Fielders Choice at 2nd, 6-4 (Groundball, 6, EV 88.1 MPH)
|
| Top of the 5th over - 1 run, 2 hits, 0 errors, 3 left on base; Toronto 5 - Kansas City 5 |
| BOTTOM OF THE 5TH |
|
Kansas City Royals batting - Pitching for Toronto Blue Jays : RHP Storm Davis
|
|
Batting: RHB Bob Horner
|
0-0: Ball 1-0: Fly out, F8 (Flyball, 8RS, EV 89.4 MPH)
|
|
Batting: RHB Gary Carter
|
0-0: Ball 1-0: Called Strike 1-1: Ground out 5-3 (Groundball, 5, EV 86.3 MPH)
|
|
Batting: RHB Lloyd McClendon
|
0-0: Foul Ball, location: 2F 0-1: Ball 1-1: Foul Ball, location: 2F 1-2: Strikes out swinging
|
| Bottom of the 5th over - 0 runs, 0 hits, 0 errors, 0 left on base; Toronto 5 - Kansas City 5 |
| TOP OF THE 6TH |
|
Toronto Blue Jays batting - Pitching for Kansas City Royals : LHP Frank Viola
|
|
Batting: SHB Harold Reynolds
|
0-0: Swinging Strike 0-1: Called Strike 0-2: SINGLE (Groundball, 6MD, EV 100.0 MPH)
|
|
Batting: RHB Jose Gonzalez
|
0-0: Bunted foul 0-1: Bunted foul 0-2: Ball 1-2: Fly out, F3 (Popup, 3F, EV 41.3 MPH)
|
|
Batting: LHB Sheldon Mallory
|
0-0: Ball 1-0: Foul Ball, location: 2F 1-1: Ball 2-1: Fly out, F7 (Flyball, 78D, EV 93.1 MPH)
|
|
Batting: RHB Hubie Brooks
|
0-0: Ground out 5-3 (Groundball, 56S, EV 88.1 MPH)
|
| Top of the 6th over - 0 runs, 1 hit, 0 errors, 1 left on base; Toronto 5 - Kansas City 5 |
| BOTTOM OF THE 6TH |
|
Kansas City Royals batting - Pitching for Toronto Blue Jays : RHP Storm Davis
|
|
Batting: RHB Jeffrey Leonard
|
0-0: Fly out, F9 (Flyball, 9D, EV 87.5 MPH)
|
|
Batting: LHB Rick Manning
|
0-0: Called Strike 0-1: Foul Ball, location: 2F 0-2: Ground out U3 (Groundball, 34, EV 105.0 MPH)
|
|
Batting: LHB Alvin Davis
|
0-0: Foul Ball, location: 2F 0-1: SOLO HOME RUN (Line Drive, 9D, EV 101.3 MPH), Distance : 390 ft
|
|
Pitching: RHP Dane Anthony
|
|
|
Batting: RHB Alberto Gonzalez
|
0-0: Reached on error, E6 (Groundball, 6, EV 90.6 MPH)
|
|
Batting: RHB Rickey Henderson
|
0-0: Called Strike 0-1: Fly out, F6 (Popup, 6M, EV 61.3 MPH)
|
| Bottom of the 6th over - 1 run, 1 hit, 1 error, 1 left on base; Toronto 5 - Kansas City 6 |
| TOP OF THE 7TH |
|
Toronto Blue Jays batting - Pitching for Kansas City Royals : LHP Frank Viola
|
|
Pitching: RHP Orel Hershiser
|
|
|
Batting: RHB Andres Galarraga
|
0-0: Fly out, F7 (Flyball, 7, EV 89.4 MPH)
|
|
Batting: RHB Cal Ripken
|
0-0: Called Strike 0-1: Ball 1-1: Ball 2-1: Swinging Strike 2-2: Foul Ball, location: 2F 2-2: DOUBLE (Flyball, 8RXD, EV 95.0 MPH)
|
|
Batting: LHB Milt Thompson
|
0-0: Ball 1-0: Ball 2-0: Called Strike 2-1: Swinging Strike 2-2: Ball 3-2: Ground out 6-3 (Groundball, 56, EV 106.3 MPH)
|
|
Batting: RHB Juan Monasterio
|
0-0: Ball 1-0: Ball 2-0: Ball 3-0: Base on Balls
|
|
Batting: RHB Fritzie Connally
|
0-0: SINGLE (Flyball, 6MD, EV 88.1 MPH) Cal Ripken to third Juan Monasterio to second Runner from 3rd tries for Home, SAFE, throw by CF to home
|
|
Batting: SHB Harold Reynolds
|
0-0: Called Strike 0-1: Fielders Choice at 2nd, 5-4 (Groundball, 5, EV 99.4 MPH)
|
| Top of the 7th over - 1 run, 2 hits, 0 errors, 2 left on base; Toronto 6 - Kansas City 6 |
| BOTTOM OF THE 7TH |
|
Kansas City Royals batting - Pitching for Toronto Blue Jays : RHP Dane Anthony
|
|
Batting: LHB Gene Richards
|
0-0: Foul Ball, location: 2F 0-1: Ball 1-1: Foul Ball, location: 2F 1-2: Fly out, F9 (Flyball, 9LS, EV 88.1 MPH)
|
|
Batting: RHB Bob Horner
|
0-0: SOLO HOME RUN (Line Drive, 7LD, EV 106.9 MPH), Distance : 378 ft
|
|
Batting: RHB Gary Carter
|
0-0: Ball 1-0: Called Strike 1-1: Swinging Strike 1-2: Ball 2-2: SOLO HOME RUN (Flyball, 78XD, EV 100.6 MPH), Distance : 430 ft
|
|
Batting: RHB Lloyd McClendon
|
0-0: Ball 1-0: Ball 2-0: Ground out 1-3 (Groundball, 13S, EV 68.8 MPH)
|
|
Batting: RHB Jeffrey Leonard
|
0-0: Called Strike 0-1: Foul Ball, location: 2F 0-2: Strikes out swinging
|
| Bottom of the 7th over - 2 runs, 2 hits, 0 errors, 0 left on base; Toronto 6 - Kansas City 8 |
| TOP OF THE 8TH |
|
Toronto Blue Jays batting - Pitching for Kansas City Royals : RHP Orel Hershiser
|
|
Batting: RHB Jose Gonzalez
|
0-0: Called Strike 0-1: Called Strike 0-2: Ball 1-2: Ground out 4-3 (Groundball, 34, EV 86.9 MPH)
|
|
Batting: LHB Sheldon Mallory
|
0-0: Called Strike 0-1: Swinging Strike 0-2: Ball 1-2: Ground out 3-1 (Groundball, 34, EV 108.1 MPH)
|
|
Batting: RHB Hubie Brooks
|
0-0: Ball 1-0: Ball 2-0: Called Strike 2-1: Ball 3-1: Called Strike 3-2: SINGLE (Groundball, 6MD, EV 94.4 MPH)
|
|
Batting: RHB Andres Galarraga
|
0-0: Ball 1-0: Foul Ball, location: 2F 1-1: Ball 2-1: Hit by Pitch Hubie Brooks to second
|
|
Pitching: RHP Dave Tobik
|
|
|
Batting: RHB Cal Ripken
|
0-0: Called Strike 0-1: Called Strike 0-2: Ball 1-2: Fly out, F9 (Flyball, 89D, EV 109.4 MPH)
|
| Top of the 8th over - 0 runs, 1 hit, 0 errors, 2 left on base; Toronto 6 - Kansas City 8 |
| BOTTOM OF THE 8TH |
|
Kansas City Royals batting - Pitching for Toronto Blue Jays : RHP Dane Anthony
|
|
Batting: LHB Rick Manning
|
0-0: Called Strike 0-1: Ball 1-1: Ground out 4-3 (Groundball, 4S, EV 70.0 MPH)
|
|
Batting: LHB Alvin Davis
|
0-0: Called Strike 0-1: Ball 1-1: Ball 2-1: Ball 3-1: Base on Balls
|
|
Batting: RHB Alberto Gonzalez
|
0-0: Ball 1-0: Foul Ball, location: 2F 1-1: Swinging Strike 1-2: Ball 2-2: Foul Ball, location: 2F 2-2: Ball 3-2: Strikes out swinging Alvin Davis steals 2nd base Batter strikes out.
|
|
Batting: RHB Rickey Henderson
|
0-0: Called Strike 0-1: Foul Ball, location: 2F 0-2: Ground out 3-1 (Groundball, 34S, EV 82.5 MPH)
|
| Bottom of the 8th over - 0 runs, 0 hits, 0 errors, 1 left on base; Toronto 6 - Kansas City 8 |
| TOP OF THE 9TH |
|
Toronto Blue Jays batting - Pitching for Kansas City Royals : RHP Dave Tobik
|
|
Now in LF: Kerry Dineen
|
|
|
Batting: LHB Milt Thompson
|
0-0: Called Strike 0-1: Ball 1-1: Ground out 5-3 (Groundball, 56S, EV 83.8 MPH)
|
|
Batting: RHB Juan Monasterio
|
0-0: SOLO HOME RUN (Flyball, 7D, EV 103.1 MPH), Distance : 381 ft
|
|
Batting: RHB Fritzie Connally
|
0-0: Ball 1-0: Called Strike 1-1: Swinging Strike 1-2: Strikes out swinging
|
|
Batting: SHB Harold Reynolds
|
0-0: Called Strike
|
|
|
|
|
|
0-1: Foul Ball, location: 2F 0-2: Ball 1-2: Fly out, F9 (Flyball, 9D, EV 106.9 MPH)
|
| Top of the 9th over - 1 run, 1 hit, 0 errors, 0 left on base; Toronto 7 - Kansas City 8 |
 |
|
Thursday, July 23rd, 2020 - OOTP Baseball 21.5 Build 71
|
|